 Dungeon Crawl Stone Soup version 0.27-a0-1149-g4505690ab0 (webtiles) character file.

Game seed: 5634333908163020853

51 Azzok the Shield-Bearer (level 4, -6/37 HPs)
             Began as a Formicid Fighter on May 13, 2021.
             Mangled by Sigmund
             ... wielding a +0 scythe
              (9 damage)
             ... on level 2 of the Dungeon.
             The game lasted 00:02:28 (1711 turns).

Azzok the Shield-Bearer (Formicid Fighter)          Turns: 1711, Time: 00:02:29

Health: -6/37      AC:  9    Str: 22    XL:     4   Next: 5%
Magic:  4/4        EV:  6    Int:  7    God:
Gold:   83         SH:  0    Dex: 10    Spells: 3/3 levels left

rFire    . . .     SeeInvis +   a - +0 long sword
rCold    + . .     Faith    .   c - +0 kite shield
rNeg     . . .     Spirit   .   h - +0 chain mail
rPois    .         Reflect  .   (helmet unavailable)
rElec    .         Harm     .   (no cloak)
rCorr    .         Rampage  .   (no gloves)
Will     .....                  (no boots)
Stlth    ..........             (no amulet)
HPRegen  0.12/turn              e - ring of protection from cold
MPRegen  0.09/turn              k - +4 ring of slaying

@: confused
A: permanent stasis, dig shafts and tunnels, antennae 3, four strong arms
a: Dig, Shaft Self


You were on level 2 of the Dungeon.
You visited 1 branch of the dungeon, and saw 2 of its levels.

You collected 83 gold pieces.

Inventory:

Hand Weapons
 a - a +0 long sword (weapon)
Armour
 c - a +0 kite shield (worn)
 h - a +0 chain mail (worn)
Jewellery
 e - a ring of protection from cold (left hand)
 j - a ring of resist corrosion
 k - a +4 ring of slaying (right hand)
Scrolls
 g - 2 scrolls of identify {unknown}
 m - a scroll of fear {unknown}
Potions
 b - a potion of ambrosia {unknown}
 d - 3 potions of might
 f - a potion of mutation {unknown}
 i - a potion of curing {unknown}
 l - a potion of resistance {unknown}
 n - a potion of heal wounds {unknown}
 o - a potion of attraction {unknown}


   Skills:
 + Level 4.3 Fighting
 - Level 2.0 Long Blades
 - Level 3.2 Armour
 + Level 4.7 Shields


You had 3 spell levels left.
You didn't know any spells.
Your spell library was empty.

Dungeon Overview and Level Annotations

Branches:
Dungeon (2/15)

Altars:

Annotations:
D:2 Sigmund


Innate Abilities, Weirdness & Mutations

You cannot be hasted, slowed, berserked, paralysed or teleported.
You can dig through walls and to a lower floor.
You have a pair of large antennae on your head. (SInv)
Your four strong arms can wield two-handed weapons with a shield.


Message History

You slash Sigmund!
Sigmund is heavily wounded.
Sigmund barely misses you.
You riposte.
You hit Sigmund but do no damage.
Sigmund is heavily wounded.
You hit Sigmund.
Sigmund is heavily wounded.
Sigmund hits you with a +0 scythe. Sigmund hits you with a +0 scythe!
You closely miss Sigmund.
Sigmund is heavily wounded.
Sigmund hits you with a +0 scythe!
You closely miss Sigmund.
Sigmund is heavily wounded.
You block Sigmund's attack. x2
You closely miss Sigmund.
Sigmund is heavily wounded.
Sigmund giggles. "Time to reap what you sow."
Sigmund hits you with a +0 scythe.
* * * LOW HITPOINT WARNING * * *
You hit Sigmund.
Sigmund is heavily wounded.
You block Sigmund's attack.
Sigmund gestures at himself while chanting.
Sigmund flickers and vanishes for a moment.
You closely miss Sigmund.
Sigmund is heavily wounded.
You block Sigmund's attack.
You slash Sigmund!
Sigmund is almost dead.
Sigmund hits you but does no damage. Sigmund casts a spell at you.
You are confused.
You bump into the rock wall.
Sigmund barely misses you.
You bump into the rock wall.
Sigmund barely misses you.
You bump into the rock wall.
Sigmund hits you but does no damage.
You bump into the rock wall.
Sigmund gestures at you while chanting. The magic dart hits you.
* * * LOW HITPOINT WARNING * * *
You bump into the rock wall.
Sigmund hits you with a +0 scythe!
You die...

{ ▒·▒ ▒▒▒▒ ▒ ▒▒╬▒ ▒
▒▒···▒▒ ▒ ▒▒·····▒▒
▒▒·▒ ▒ ▒▒··>····▒▒
····▒ ▒
▒·········▒▒▒▒·····▒
▒
╬·········'·@@······
▒
▒········▒▒▒▒···▒▒▒
▒ ▒·······▒▒ ····· ▒
▒▒·····▒▒ ·▒▒▒ ▒
▒▒···▒▒ ·· ▒ ▒▒'▒▒
·▒ ▒·▒ ▒ { ▒ ▒·▒ ▒
▒▒·▒▒ ▒


You could see Sigmund (invisible).

Vanquished Creatures
  An adder (D:2)
  3 bats
  4 endoplasms
  3 giant cockroaches (D:1)
  3 goblins
  3 hobgoblins
  7 jackals
  4 kobolds
  A quokka (D:2)
  4 ball pythons
  A frilled lizard (D:1)
  3 rats
37 creatures vanquished.

Notes
Turn   | Place    | Note
-------+----------+-------------------------------------------
     0 | D:1      | Azzok the Formicid Fighter began the quest for the Orb.
     0 | D:1      | Reached XP level 1. HP: 18/18 MP: 1/1
    98 | D:1      | Reached XP level 2. HP: 16/24 MP: 2/2
   522 | D:1      | Found a faded altar of an unknown god.
   582 | D:1      | Reached XP level 3. HP: 30/30 MP: 3/3
  1553 | D:2      | Reached XP level 4. HP: 37/37 MP: 4/4
  1693 | D:2      | Noticed Sigmund
  1711 | D:2      | Mangled by Sigmund

Illustrated notes

Levels and vault maps discovered:
D:1:      dpeg_arrival_oval, layout_loops_ring,
          hellmonk_ecumenical_altar_pennies_from_heaven, grunt_decor_arrowhead,
          hangedman_decor_clover_reticule, minmay_misc_feat_roman
D:2:      layout_loops_corners, patterned_corridor, uniq_sigmund,
          uniq_crazy_yiuf_cottage, uniq_jessica

Skill      XL: |  1  2  3 |
---------------+----------+-----
Shields        | 4 |  4.7
Fighting       | 4 |  4.3
Long Blades    | |  2.0
Armour         | |  3.2

Action                   |  1- 3 |  4- 6 || total
-------------------------+-------+-------++-------
Melee: Long sword        |    82 |    10 ||    92
Armor: Scale mail        |     5 |       ||     5
       Chain mail        |    50 |     3 ||    53
Dodge: Dodged            |    25 |     4 ||    29
Block: Kite shield       |    44 |     7 ||    51
       Rpst.: Long sword |     8 |     2 ||    10

Table legend: (Time is in decaauts)
 A = Elapsed time spent in this place.
 B = Non-inter-level travel time spent in this place.
 C = Inter-level travel time spent in this place.
 D = Time resting spent in this place.
 E = Time spent auto-exploring this place.
 F = Levels seen in this place.
 G = Mean time per level.
                   A        B        C        D        E       F      G
               +--------+--------+--------+--------+--------+-----+--------+
         Total |   1757 |   1701 |     56 |      0 |   1362 |   2 |  878.5 |
       Dungeon |   1757 |   1701 |     56 |      0 |   1362 |   2 |  878.5 |
               +--------+--------+--------+--------+--------+-----+--------+

Top non-repeatable levels by time:
     D:1: 1232 daAuts
     D:2: 524 daAuts
